General information
- name: BNet
- type: Ladder team game (AT/RT)
- host: Battle.net
- saver: w00tah.com
map: FullScaleAssault
- players: 8
- length: 17:31
- speed: Fast
- version: 1.21 W3XP
- replay type: Public
» download(140 KB)
Players
team 1 (winner)
GOKUMaN69 (
red | 80 APM | 1406 actions | 17:29)
7 Demon Hunter
3 Mana Burn
2 Evasion
2 Metamorphosis
3 Naga Sea Witch
2 Forked Lightning
1 Frost Arrows
» actions
| Assign group hotkey | 14 | |
| Build / train | 57 | |
| Enter build submenu | 17 | |
| Enter hero's abilities submenu | 10 | |
| Give item / drop item | 1 | |
| Right click | 779 | |
| Select / deselect | 257 | |
| Select group hotkey | 207 | |
| Use ability | 64 | |
1406 total
» units
» upgrades
» buildings
| Altar of Elders | 1 | |
| Moon Well | 6 | |
| Ancient of War | 1 | |
| Tree of Ages | 1 | |
| Hunter's Hall | 1 | |
| Ancient of Lore | 2 | |
| Ancient of Wonders | 1 | |
| Tree of Eternity | 1 | |
| Tree of Life | 1 | |
15 total
» build order
00:08 Altar of Elders
00:22 Moon Well
00:54 Ancient of War
01:34 Moon Well
05:14 Tree of Ages
05:16 Hunter's Hall
05:36 Moon Well
06:09 Moon Well
08:30 Ancient of Lore
08:33 Ancient of Lore
08:44 Ancient of Wonders
10:19 Tree of Eternity
12:20 Tree of Life
13:40 Moon Well
13:41 Moon Well
» items
| Boots of Speed | 1 | |
| Potion of Lesser Invulnerability | 1 | |
| Scroll of Healing | 2 | |
| Scroll of Town Portal | 3 | |
7 total
gwbushin2008 (
orange | 97 APM | 1688 actions | 17:29)
4 Blademaster
2 Wind Walk
2 Critical Strike
1 Tauren Chieftain
1 War Stomp
» actions
| Assign group hotkey | 235 | |
| Basic commands | 109 | |
| Build / train | 51 | |
| ESC pressed | 2 | |
| Enter build submenu | 16 | |
| Enter hero's abilities submenu | 7 | |
| Right click | 696 | |
| Select / deselect | 255 | |
| Select group hotkey | 245 | |
| Use ability | 72 | |
1688 total
» units
| Peon | 8 | |
| Grunt | 13 | |
| Shaman | 7 | |
| Troll Witch Doctor | 2 | |
30 total
» upgrades
| Berserker Strength | 1 | |
| Armor | 1 | |
| Shaman Training | 2 | |
| Witch Doctor Training | 2 | |
6 total
» buildings
| Altar of Storms | 1 | |
| Orc Burrow | 7 | |
| Barracks | 1 | |
| Voodoo Lounge | 1 | |
| Stronghold | 4 | |
| War Mill | 1 | |
| Spirit Lodge | 2 | |
| Fortress | 1 | |
| Tauren Totem | 2 | |
20 total
» build order
00:06 Altar of Storms
00:18 Orc Burrow
00:39 Barracks
01:39 Orc Burrow
02:39 Voodoo Lounge
03:12 Orc Burrow
04:16 Stronghold
04:16 Stronghold
04:16 Stronghold
04:16 Stronghold
05:17 War Mill
05:34 Orc Burrow
06:40 Spirit Lodge
06:46 Spirit Lodge
08:23 Fortress
16:18 Tauren Totem
16:19 Tauren Totem
16:21 Orc Burrow
16:21 Orc Burrow
16:22 Orc Burrow
» items
Mr.Wookums (
green | 56 APM | 978 actions | 17:29)
5 Archmage
3 Summon Water Elemental
2 Brilliance Aura
3 Mountain King
2 Storm Bolt
1 Bash
» actions
| Assign group hotkey | 43 | |
| Basic commands | 18 | |
| Build / train | 58 | |
| Enter build submenu | 15 | |
| Enter hero's abilities submenu | 8 | |
| Right click | 495 | |
| Select / deselect | 223 | |
| Select group hotkey | 76 | |
| Use ability | 42 | |
978 total
» units
| Peasant | 10 | |
| Footman | 6 | |
| Rifleman | 11 | |
| Sorceress | 8 | |
35 total
» upgrades
| Gunpowder | 3 | |
| Long Rifles | 1 | |
| Sorceress Training | 1 | |
| Armor | 3 | |
8 total
» buildings
| Altar of Kings | 1 | |
| Farm | 10 | |
| Barracks | 1 | |
| Scout Tower | 1 | |
| Arcane Tower | 1 | |
| Blacksmith | 1 | |
| Keep | 1 | |
| Arcane Vault | 1 | |
| Arcane Sanctum | 1 | |
| Lumber Mill | 1 | |
| Castle | 1 | |
| Town Hall | 2 | |
22 total
» build order
00:07 Altar of Kings
00:14 Farm
00:17 Farm
00:32 Barracks
01:45 Scout Tower
02:14 Arcane Tower
02:37 Farm
02:37 Farm
03:12 Blacksmith
04:22 Keep
04:55 Farm
04:56 Farm
05:16 Arcane Vault
06:47 Arcane Sanctum
08:20 Lumber Mill
09:51 Castle
10:07 Farm
10:08 Farm
14:37 Town Hall
15:26 Farm
15:26 Farm
15:31 Town Hall
» items
| Scroll of Regeneration | 1 | |
| Scroll of Town Portal | 1 | |
2 total
w00tah.com (
blue | 36 APM | 638 actions | 17:31)
5 Archmage
3 Summon Water Elemental
2 Brilliance Aura
» actions
| Assign group hotkey | 10 | |
| Basic commands | 18 | |
| Build / train | 54 | |
| Enter build submenu | 18 | |
| Enter hero's abilities submenu | 5 | |
| Remove unit from queue | 3 | |
| Right click | 254 | |
| Select / deselect | 218 | |
| Select group hotkey | 21 | |
| Use ability | 37 | |
638 total
» units
| Peasant | 8 | |
| Footman | 9 | |
| Gryphon Rider | 8 | |
25 total
» upgrades
| Masonry | 3 | |
| Defend | 1 | |
| Magic Sentry | 1 | |
| Priest Training | 0 | |
| Storm Hammers | 1 | |
| Swords | 2 | |
| Animal War Training | 1 | |
| Armor | 2 | |
11 total
» buildings
| Altar of Kings | 1 | |
| Farm | 7 | |
| Barracks | 1 | |
| Keep | 1 | |
| Lumber Mill | 1 | |
| Arcane Vault | 1 | |
| Scout Tower | 5 | |
| Guard Tower | 4 | |
| Castle | 1 | |
| Gryphon Aviary | 2 | |
| Arcane Sanctum | 1 | |
| Blacksmith | 1 | |
26 total
» build order
00:11 Altar of Kings
00:24 Farm
00:36 Barracks
00:52 Farm
01:58 Farm
02:35 Farm
03:15 Farm
04:34 Keep
04:42 Lumber Mill
05:07 Arcane Vault
05:12 Scout Tower
05:13 Scout Tower
05:16 Scout Tower
05:45 Guard Tower
05:50 Guard Tower
06:17 Guard Tower
06:37 Farm
06:38 Farm
07:10 Castle
07:17 Gryphon Aviary
08:14 Gryphon Aviary
08:20 Arcane Sanctum
10:13 Blacksmith
11:46 Scout Tower
11:47 Scout Tower
14:46 Guard Tower
» items
| Scroll of Regeneration | 2 | |
| Staff of Sanctuary | 1 | |
3 total
team 2 (loser)
BO_SCHEMBECHLER (
pink | 66 APM | 1158 actions | 17:28)
4 Archmage
2 Summon Water Elemental
2 Brilliance Aura
» actions
| Assign group hotkey | 18 | |
| Basic commands | 36 | |
| Build / train | 55 | |
| ESC pressed | 2 | |
| Enter build submenu | 21 | |
| Enter hero's abilities submenu | 4 | |
| Give item / drop item | 1 | |
| Right click | 443 | |
| Select / deselect | 244 | |
| Select group hotkey | 273 | |
| Use ability | 61 | |
1158 total
» units
| Peasant | 17 | |
| Footman | 11 | |
| Priest | 5 | |
| Sorceress | 5 | |
| Spell Breaker | 1 | |
39 total
» upgrades
| Defend | 1 | |
| Lumber Harvesting | 1 | |
2 total
» buildings
| Altar of Kings | 1 | |
| Barracks | 1 | |
| Farm | 9 | |
| Scout Tower | 2 | |
| Arcane Vault | 1 | |
| Keep | 1 | |
| Lumber Mill | 1 | |
| Town Hall | 1 | |
| Arcane Sanctum | 3 | |
20 total
» build order
00:09 Altar of Kings
00:15 Barracks
00:28 Farm
00:40 Farm
02:29 Farm
02:32 Farm
03:11 Scout Tower
03:13 Scout Tower
05:26 Arcane Vault
05:49 Keep
06:51 Lumber Mill
07:16 Town Hall
08:08 Farm
08:10 Farm
08:21 Arcane Sanctum
08:39 Farm
08:41 Farm
11:00 Arcane Sanctum
11:47 Arcane Sanctum
15:57 Farm
» items
| Scroll of Regeneration | 2 | |
| Lesser Clarity Potion | 1 | |
| Scroll of Town Portal | 1 | |
| Staff of Teleportation | 1 | |
| Periapt of Vitality | 1 | |
| Potion of Healing | 2 | |
8 total
Chopstix (
yellow | 67 APM | 1168 actions | 17:27)
3 Tauren Chieftain
2 Shockwave
1 Endurance Aura
3 Far Seer
2 Chain Lighting
1 Feral Spirit
» actions
| Assign group hotkey | 24 | |
| Basic commands | 79 | |
| Build / train | 57 | |
| ESC pressed | 1 | |
| Enter build submenu | 19 | |
| Enter hero's abilities submenu | 6 | |
| Remove unit from queue | 1 | |
| Right click | 393 | |
| Select / deselect | 254 | |
| Select group hotkey | 261 | |
| Use ability | 73 | |
1168 total
» units
| Peon | 8 | |
| Grunt | 7 | |
| Shaman | 6 | |
| Troll Witch Doctor | 4 | |
| Spirit Walker | 4 | |
29 total
» upgrades
| Berserker Strength | 1 | |
| Shaman Training | 2 | |
| Witch Doctor Training | 2 | |
| Spirit Walker Training | 1 | |
6 total
» buildings
| Altar of Storms | 1 | |
| Orc Burrow | 7 | |
| Barracks | 2 | |
| Voodoo Lounge | 1 | |
| Stronghold | 1 | |
| Spirit Lodge | 3 | |
| Fortress | 1 | |
| Great Hall | 1 | |
17 total
» build order
00:08 Altar of Storms
00:11 Orc Burrow
00:43 Barracks
01:38 Orc Burrow
02:22 Barracks
02:27 Voodoo Lounge
03:25 Stronghold
04:44 Orc Burrow
06:20 Spirit Lodge
06:37 Spirit Lodge
07:16 Orc Burrow
08:53 Fortress
11:16 Spirit Lodge
11:19 Great Hall
15:16 Orc Burrow
16:55 Orc Burrow
16:59 Orc Burrow
» items
| Lesser Clarity Potion | 4 | |
| Healing Salve | 2 | |
| Potion of Healing | 1 | |
| Orb of Lightning | 1 | |
| Potion of Mana | 1 | |
9 total
FEEDINGSUPRSTAR (
purple | 35 APM | 619 actions | 17:27)
3 Archmage
1 Summon Water Elemental
2 Blizzard
» actions
| Assign group hotkey | 5 | |
| Basic commands | 18 | |
| Build / train | 47 | |
| Enter build submenu | 29 | |
| Enter hero's abilities submenu | 3 | |
| Right click | 281 | |
| Select / deselect | 151 | |
| Select group hotkey | 48 | |
| Use ability | 37 | |
619 total
» units
| Peasant | 14 | |
| Dragonhawk Rider | 10 | |
24 total
» upgrades
| Masonry | 2 | |
| Armor | 2 | |
| Swords | 2 | |
| Lumber Harvesting | 1 | |
7 total
» buildings
| Altar of Kings | 1 | |
| Lumber Mill | 1 | |
| Scout Tower | 10 | |
| Arcane Tower | 1 | |
| Farm | 7 | |
| Guard Tower | 9 | |
| Barracks | 1 | |
| Blacksmith | 1 | |
| Keep | 1 | |
| Gryphon Aviary | 2 | |
| Arcane Vault | 1 | |
| Castle | 1 | |
36 total
» build order
00:12 Altar of Kings
00:16 Lumber Mill
00:47 Scout Tower
00:57 Scout Tower
01:29 Arcane Tower
01:39 Scout Tower
01:49 Farm
02:15 Guard Tower
02:29 Barracks
02:35 Guard Tower
02:55 Farm
03:42 Blacksmith
05:02 Farm
05:28 Scout Tower
05:47 Farm
05:50 Keep
06:07 Scout Tower
06:08 Guard Tower
06:37 Farm
06:51 Guard Tower
07:09 Farm
07:24 Farm
07:55 Scout Tower
08:16 Gryphon Aviary
08:31 Guard Tower
08:37 Scout Tower
09:05 Guard Tower
10:21 Gryphon Aviary
10:32 Scout Tower
11:12 Guard Tower
11:14 Scout Tower
11:47 Arcane Vault
12:14 Guard Tower
12:19 Scout Tower
13:12 Guard Tower
13:51 Castle
PistophChrstoph (
teal | 65 APM | 1129 actions | 17:23)
3 Far Seer
2 Feral Spirit
1 Chain Lighting
2 Shadow Hunter
1 Healing Wave
1 Hex
» actions
| Assign group hotkey | 22 | |
| Basic commands | 300 | |
| Build / train | 40 | |
| ESC pressed | 3 | |
| Enter build submenu | 25 | |
| Enter hero's abilities submenu | 5 | |
| Right click | 353 | |
| Select / deselect | 244 | |
| Select group hotkey | 73 | |
| Use ability | 64 | |
1129 total
» units
| Peon | 10 | |
| Grunt | 6 | |
| Tauren | 7 | |
| Spirit Walker | 3 | |
26 total
» upgrades
| Berserker Strength | 1 | |
| Spirit Walker Training | 2 | |
| Pulverize | 1 | |
4 total
» buildings
| Altar of Storms | 1 | |
| Orc Burrow | 5 | |
| Barracks | 1 | |
| Voodoo Lounge | 1 | |
| Stronghold | 1 | |
| War Mill | 1 | |
| Beastiary | 1 | |
| Fortress | 1 | |
| Tauren Totem | 2 | |
| Spirit Lodge | 1 | |
| Watch Tower | 8 | |
| Great Hall | 1 | |
24 total
» build order
00:08 Altar of Storms
00:12 Orc Burrow
01:02 Barracks
01:45 Orc Burrow
01:54 Voodoo Lounge
03:19 Stronghold
05:19 Orc Burrow
05:26 War Mill
05:54 Beastiary
06:02 Fortress
06:27 Orc Burrow
08:31 Tauren Totem
08:34 Tauren Totem
08:39 Spirit Lodge
09:33 Watch Tower
09:37 Watch Tower
11:13 Great Hall
11:54 Watch Tower
11:57 Watch Tower
12:00 Orc Burrow
12:02 Watch Tower
13:46 Watch Tower
15:35 Watch Tower
15:36 Watch Tower
» items
Chat log
(01:01 / All) Chopstix: IT IS TIME TO REDEEM YOURSELVES
(01:13 / All) gwbushin2008: Did u hear that diablo 3 came out.
(04:24 / All) Chopstix: gj feeding
(06:00 / All) GOKUMaN69: sorry I'm a know hacker
(13:58 / All) GOKUMaN69: CLAN TOWA REJECT
(14:18 / All) PistophChrstoph: YOUR GETTING HELPED BY YOUR TEAM
(14:18 / All) Chopstix: sorry, clan TwT brought us down a little
(14:20 / All) gwbushin2008: REJECT THIS biotch
(14:22 / All) PistophChrstoph: YEA
(14:26 / All) w00tah.com: gg
(14:28 / All) Chopstix: i think it was a douvble cross
(14:31 / All) Chopstix: gg
(14:33 / All) PistophChrstoph: I CONCUR
(14:38 / All) GOKUMaN69: welp
(14:45 / All) GOKUMaN69: u mad?
(14:59 / All) Chopstix: no not really, I wouldnt hurt my family over this game, like you know, you
(15:23 / All) GOKUMaN69: your family is hurt how u noob u are
(15:31 / All) gwbushin2008: i'll kill ur family bitch